 Dungeon Crawl Stone Soup version 0.26.1-11-gd32895ea62 (webtiles) character file.

Game seed: 183884475570438467

126 Tirrikindir the Shield-Bearer (level 5, -1/36 HPs)
             Began as an Octopode Fighter on May 24, 2021.
             Slain by a goblin
             ... wielding a cursed -3 hunting sling
             ... led by Robin
              (6 damage)
             ... on level 3 of the Dungeon.
             The game lasted 00:03:50 (2075 turns).

Tirrikindir the Shield-Bearer (Octopode Fighter)    Turns: 2075, Time: 00:03:51

Health: -1/36      AC:  1    Str: 17    XL:     5   Next: 10%
Magic:  5/5        EV: 12    Int: 10    God:
Gold:   116        SH: 10    Dex: 11    Spells: 4/4 levels left

rFire    . . .     SeeInvis .   a - +2 long sword
rCold    . . .     Faith    .   b - +1 kite shield
rNeg     . . .     Spirit   .   (helmet restricted)
rPois    .         Reflect  .   (no amulet)
rElec    .         Harm     .   (no ring)
rCorr    .         Rampage  .   (no ring)
Will     .....                  (no ring)
Stlth    +++.......             (no ring)
HPRegen  0.12/turn              (no ring)
MPRegen  0.09/turn              (no ring)
                                (no ring)
                                (no ring)

@: no status effects
A: almost no armour, stealthy swim, amphibious, 8 rings, constrict 8, camouflage
1, gelatinous body 1
a: no special abilities


You were on level 3 of the Dungeon.
You visited 1 branch of the dungeon, and saw 3 of its levels.

You collected 116 gold pieces.

Inventory:

Hand Weapons
 a - a +2 long sword (weapon)
 i - a +0 short sword
Missiles
 e - 16 poisoned darts (quivered)
Armour
 b - a +1 kite shield (worn)
Scrolls
 d - a scroll of blinking
Potions
 c - a potion of might
 f - a potion of heal wounds {unknown}
 g - a potion of invisibility {unknown}
 h - a potion of brilliance {unknown}
 j - a potion of mutation {unknown}


   Skills:
 + Level 3.5 Fighting
 * Level 3.3 Long Blades
 + Level 3.4 Dodging
 + Level 2.5 Stealth
 + Level 3.5 Shields


You had 4 spell levels left.
You didn't know any spells.
Your spell library contained the following spells:

 Spells                   Type           Power        Failure   Level
 Magic Dart               Conj           0%           86%         1
 Blink                    Tloc           N/A          94%         2
 Call Imp                 Summ           0%           94%         2
 Slow                     Hex            0%           94%         2
 Conjure Flame            Conj/Fire      0%           99%         3
 Mephitic Cloud           Conj/Pois/Air  0%           99%         3


Dungeon Overview and Level Annotations

Branches:
Dungeon (3/15)

Altars:
Zin

Annotations:
D:3 Robin


Innate Abilities, Weirdness & Mutations

You cannot wear most types of armour.
You are very stealthy in the water. (Stealth+)
You are amphibious.
You can wear up to eight rings at the same time.
You can use your tentacles to constrict eight enemies at once.
Your skin changes colour to match your surroundings (Stealth+).
Your rubbery body absorbs attacks. (AC +1, EV +1)


Message History

You hit Robin but do no damage. You grab Robin. You constrict Robin.
Robin hits you with a +0 falchion.
The goblin shoots a sling bullet.
The sling bullet hits you.
* * * LOW HITPOINT WARNING * * *
You hit Robin but do no damage. You squeeze Robin, but do no damage.
Robin is lightly wounded.
You constrict Robin, but do no damage. Robin barely misses you.
You block Robin's attack.
You closely miss the goblin. Your grab misses the goblin. You constrict Robin.
The goblin barely misses you.
You riposte.
You barely miss the goblin. Your grab misses the goblin.
Robin hits you but does no damage.
The goblin hits you with a cursed -3 hunting sling.
* * * LOW HITPOINT WARNING * * *
You hit Robin.
Robin is heavily wounded.
You constrict Robin.
Robin says, "A pitiful Octopus like you will never find the ORB!"
You block Robin's attack.
The goblin hits you with a cursed -3 hunting sling.
You die...

####.## .#.
##...####.........# ...
#.......+..gg.....+
####...####..gg.....#
#.........# .......#
#.###.###.# .....#
#.##..# #.# ...#
#)##.####.#####g####
#.........#(.g@(...#
####.######.###)##.###.
#.# #.##......... #.#
#.##...#.###.
#.######.#......#
#...............#
############.#### #.#
#.#


You could see Robin and a goblin (strong).

Vanquished Creatures
  4 adders (D:2)
  A white imp (D:2)
  2 worms
  2 dart slugs (D:2)
  3 giant cockroaches
  18 goblins
  10 hobgoblins
  6 jackals (D:1)
  5 kobolds
  A quokka (D:2)
  2 ball pythons (D:2)
  6 bats
  4 frilled lizards
  9 rats
73 creatures vanquished.

Vanquished Creatures (others)
  5 plants (D:1)
5 creatures vanquished.

Grand Total: 78 creatures vanquished

Notes
Turn   | Place    | Note
-------+----------+-------------------------------------------
     0 | D:1      | Tirrikindir the Octopode Fighter began the quest for the
                  | Orb.
     0 | D:1      | Reached XP level 1. HP: 16/16 MP: 1/1
   312 | D:1      | Reached XP level 2. HP: 20/21 MP: 2/2
   330 | D:1      | Reached skill level 1 in Stealth
   848 | D:1      | Reached XP level 3. HP: 26/26 MP: 3/3
  1238 | D:2      | Found a glowing silver altar of Zin.
  1249 | D:2      | Reached XP level 4. HP: 24/31 MP: 4/4
  2051 | D:3      | Noticed Robin
  2059 | D:3      | Reached XP level 5. HP: 26/36 MP: 5/5
  2075 | D:3      | Slain by a goblin

Illustrated notes

Levels and vault maps discovered:
D:1:      dpeg_arrival_pits, layout_loops_corners, serial_forest,
          infiniplex_forest_zigzag_1, infiniplex_forest_lined_ring,
          infiniplex_forest_corner_2, infiniplex_forest_clump_small,
          infiniplex_forest_straight_3, infiniplex_forest_zigzag_1,
          infiniplex_forest_diagonal
D:2:      layout_basic, lemuel_crystal_altar
D:3:      layout_loops_corners, minmay_goblin_outpost, uniq_robin, uniq_terence

Skill      XL: |  1  2  3  4 |
---------------+-------------+-----
Stealth        | 1 2 |  2.5
Long Blades    | 3 |  3.3
Fighting       | |  3.5
Dodging        | |  3.4
Shields        | |  3.5

Action                   |  1- 3 |  4- 6 || total
-------------------------+-------+-------++-------
Melee: Long sword        |    60 |    57 ||   117
       Constrict         |    18 |    17 ||    35
       Tentacles         |    12 |    14 ||    26
  Use: Scroll            |       |     5 ||     5
 Stab: Sleeping          |     5 |     5 ||    10
Armor: Skin              |     1 |     2 ||     3
Dodge: Dodged            |    24 |    18 ||    42
Block: Kite shield       |    22 |    20 ||    42
       Rpst.: Long sword |    10 |     5 ||    15
